AoeStats
← iaa4e

MegaRandom

508078926Analyzed
4v4 RM · 12d ago on Sep 20, 2026· 12m 50s· 8 players
Game mode
Random Map
Map size
Large (8 player)
Population
200
Speed
Normal
Resources
Standard
Victory
Conquest
Starting age
Dark Age
Ending age
Imperial Age
RankedLock teamsTeams togetherTeam positionsShared explorationLock speedFull tech treeHidden civsTurbo modeCheats
Victory
Defeat
🇺🇸 Khmer · United States
1237
+13
🇩🇪 Franks · Germany
1212
+14
🇺🇸 Romans · United States
1174
+15
🇷🇴 Persians · Romania
1157
+16
🇨🇱 Jurchens · Chile
1323
-21
🇨🇱 Wei · Chile
1151
-14
1147
-17
🇨🇱 Britons · Chile
1019
-9
Sad x Gnome
7:55 Loom
10:32 Feudal Age
11:25 Double-Bit Axe
12:16 Forging
ReliableSoap444
11:36 Feudal Age
NoStim
8:37 Loom
11:20 Feudal Age
12:26 Double-Bit Axe
15:25 Castle Age
iaa4e
11:03 Feudal Age
[MW'] Tm0
6:46 Loom
9:22 Feudal Age
10:37 Double-Bit Axe
juparedesc
0:29 Loom
11:00 Feudal Age
12:59 Wheelbarrow
12:16 Double-Bit Axe
Xavier
7:41 Loom
10:15 Feudal Age
10:59 Double-Bit Axe
11:05 Horse Collar
franvidelamardones
6:52 Loom
9:18 Feudal Age
12:51 Fletching
13:01 Padded Archer Armor
Connection lost

Rejoining the realm…

Still unreachable

The connection could not be restored.

Session expired

The server has moved on; the page needs a fresh start.